 Dungeon Crawl Stone Soup version 0.29-a0-322-g68df515428 (webtiles) character file.

Game seed: 12073888352215041994

383 Bnni the Ruffian (level 6, -5/45 HPs)
             Began as an Octopode Fighter on Apr 6, 2022.
             Slain by a hornet (6 damage)
             ... on level 4 of the Dungeon.
             The game lasted 00:05:51 (4091 turns).

Bnni the Ruffian (Octopode Fighter)                 Turns: 4091, Time: 00:05:52

Health: -5/45      AC:  2    Str: 16    XL:     6   Next: 76%
Magic:  6/6        EV: 14    Int: 10    God:
Gold:   241        SH:  5    Dex: 19    Spells: 5/5 levels left

rFire   . . .      SeeInvis .     - Unarmed
rCold   . . .      Faith    .   a - +0 buckler
rNeg    + . .      Spirit   .   p - +1 hat
rPois   .          Reflect  .   (no amulet)
rElec   .          Harm     .   l - +6 ring of dexterity
rCorr   .          Rampage  .   o - ring of positive energy
Will    .....                   (no ring)
Stlth   +++.......              (no ring)
HPRegen 0.15/turn               (no ring)
MPRegen 0.10/turn               (no ring)
                                (no ring)
                                (no ring)

@: lethally poisoned (-5 -> -11), on berserk cooldown, slowed, very slow
A: almost no armour, amphibious, 8 rings, camouflage 1, gelatinous body 1,
(nimble swimmer 1), tentacles
a: no special abilities


You were on level 4 of the Dungeon.
You visited 1 branch of the dungeon, and saw 4 of its levels.

You collected 241 gold pieces.

Inventory:

Hand Weapons
 r - a +0 trident
Armour
 a - a +0 buckler (worn)
 p - a +1 hat (worn)
Jewellery
 l - a +6 ring of dexterity (left tentacle)
 o - a ring of positive energy (right tentacle)
Wands
 m - a wand of flame (22)
Scrolls
 c - 2 scrolls of teleportation {unknown}
 d - 3 scrolls of silence {unknown}
 i - a scroll of blinking {unknown}
 j - a scroll of noise {unknown}
 k - a scroll of fog {unknown}
 n - a scroll of fear {unknown}
 q - 2 scrolls of immolation
 s - a scroll of vulnerability {unknown}
 t - 2 scrolls of magic mapping {unknown}
 x - a scroll of summoning {unknown}
Potions
 b - 3 potions of might
 e - a potion of resistance
 f - 2 potions of lignification
 g - 3 potions of attraction
 h - 2 potions of curing
 u - a potion of invisibility {unknown}
 w - a potion of heal wounds {unknown}


   Skills:
 + Level 4.8 Fighting
 - Level 3.0 Dodging
 - Level 3.0 Shields
 * Level 5.8 Unarmed Combat


You had 5 spell levels left.
You didn't know any spells.
Your spell library contained the following spells:

 Spells                   Type           Power      Damage    Failure   Level
 Apportation              Tloc           0%         N/A       45%         1
 Beastly Appendage        Tmut           0%         N/A       45%         1
 Wereblood                Tmut           0%         N/A       58%         2
 Spider Form              Tmut/Pois      0%         N/A       83%         3
 Alistair's Intoxication  Tmut/Pois      0%         N/A       100%        5
 Chain Lightning          Conj/Air       0%         N/A       100%        9
 Fire Storm               Conj/Fire      0%         5d1       100%        9
 Shatter                  Erth           0%         3d5*      100%        9


Dungeon Overview and Level Annotations

Branches:
Dungeon (4/15)
 Temple: D:4-7

Altars:


Innate Abilities, Weirdness & Mutations

You cannot wear most types of armour.
You are amphibious.
You can wear up to eight rings at the same time.
Your skin changes colour to match your surroundings (Stealth+).
Your rubbery body absorbs attacks. (AC +1, EV +1)
((You are camouflaged when in or above water. (Stealth+)))
You have tentacles for arms and can constrict up to eight enemies at once.


Message History

a +0 dagger; a +0 leather armour; an orc corpse You feel a strong urge to attack something.
Items here: )) [ †. 2 goblins and a hornet come into view.
A goblin is wielding a +0 dagger of flaming.
You are no longer berserk.
You are exhausted.
You feel yourself slow down.
The goblin shouts!
The hornet buzzes angrily.
A goblin comes into view. It is wielding a +0 club.
A goblin comes into view. It is wielding a +0 dagger.
Things that are here:
a +0 flail; a +0 ring mail; an orc corpse
Okay, then.
Okay, then.
Items here: )) [ †.
Things that are here:
a +0 dagger; a +0 leather armour; an orc corpse The goblin attacks as you move away!
The goblin hits you with a +0 dagger of flaming.
The goblin burns you. The goblin misses you.
The goblin attacks as you move away! The goblin hits you but does no damage.
The goblin attacks as you move away! The goblin closely misses you.
The goblin hits you with a +0 dagger of flaming.
The goblin burns you.
A goblin comes into view. It is wielding a +1 dagger of draining.
You see here 28 stones.
The goblin attacks as you move away! The goblin closely misses you.
The goblin hits you with a +0 dagger of flaming.
The goblin burns you. The hornet attacks as you move away!
The hornet stings you!
* * * LOW HITPOINT WARNING * * *
You are lethally poisoned!
You feel as though you will be slow longer.
* * * LOW HITPOINT WARNING * * *
You feel very sick.
The hornet stings you but does no damage.
The hornet stings you.
You die...

####### #.# #.....# #.#
#.....# #.#
#.....##########.###
+......#...........#
#......#.#####.#.####.##
.......#.# #..#<.......
..###..#.####..#.###...#
..# #..........#@# .#
..###.##.#.....y.#
..†.......>.#.g#####.g
#.#.#.##.#..#.g....g..
............#.######.#
#.#.#.##.#..#...# y#
#.#.#.##....###y# g# #.#
# ####..# #g# .# #.#
####..###.####.#


You could see a hornet and 2 goblins.

Vanquished Creatures
  A phantom (D:4)
  A necrophage (D:4)
  Crazy Yiuf (D:3)
  An orc priest (D:4)
  An iguana (D:4)
  A gnoll (D:4)
  4 adders
  An ufetubus (D:4)
  3 worms
  3 dart slugs
  8 orcs
  5 bats
  10 endoplasms
  5 giant cockroaches
  6 goblins
  9 hobgoblins
  8 jackals
  3 quokkas
  4 ball pythons
  A frilled lizard (D:1)
  10 kobolds
  5 rats
91 creatures vanquished.

Notes
Turn   | Place    | Note
-------+----------+-------------------------------------------
     0 | D:1      | Bnni the Octopode Fighter began the quest for the Orb.
     0 | D:1      | Reached XP level 1. HP: 16/16 MP: 1/1
    12 | D:1      | You fall into a shaft and drop 1 floor!
   340 | D:1      | Reached XP level 2. HP: 17/21 MP: 2/2
   662 | D:1      | Reached skill level 3 in Unarmed Combat
   688 | D:1      | Reached XP level 3. HP: 26/26 MP: 3/3
   728 | D:1      | Found a faded altar of an unknown god.
  1809 | D:2      | Reached XP level 4. HP: 29/32 MP: 4/4
  2477 | D:3      | Reached skill level 4 in Unarmed Combat
  2697 | D:3      | Found a runed translucent door.
  2698 | D:3      | Noticed Crazy Yiuf
  2873 | D:3      | Killed Crazy Yiuf
  2874 | D:3      | Reached XP level 5. HP: 37/37 MP: 5/5
  3071 | D:4      | Noticed a phantom
  3079 | D:4      | Killed a phantom
  3300 | D:4      | Reached skill level 5 in Unarmed Combat
  3516 | D:4      | Found the +18 Lear's hauberk
  3534 | D:4      | Reached XP level 6. HP: 40/44 MP: 6/6
  4079 | D:4      | Noticed a hornet
  4091 | D:4      | HP: 1/45 [poisoned by a hornet]
  4091 | D:4      | Slain by a hornet

Illustrated notes

Levels and vault maps discovered:
D:1:      lightli_arrival_maybe_door_vault, layout_loops_cross,
          dilly_ecumenical_altar_fadedgnrine, nicolae_figureground_pulse
D:2:      layout_basic, amethyst_killhole
D:3:      layout_loops_ring, uniq_crazy_yiuf_cottage
D:4:      corexii_shack_village, layout_basic, st_stairs_13, uniq_robin

Skill      XL: |  1  2  3  4  5 |
---------------+----------------+-----
Unarmed Combat | 3 4 5 |  5.8
Fighting       | 4 |  4.8
Dodging        | |  3.0
Shields        | |  3.0

Action                   |  1- 3 |  4- 6 || total
-------------------------+-------+-------++-------
Melee: Unarmed           |    85 |   104 ||   189
       Tentacles         |    14 |    24 ||    38
       Constrict         |    20 |    30 ||    50
       Punch             |       |     5 ||     5
Evoke: Wand              |       |     2 ||     2
  Use: Scroll            |     4 |     3 ||     7
       Potion            |       |     1 ||     1
 Stab: Sleeping          |     8 |    14 ||    22
       Distracted        |       |     1 ||     1
Armor: Skin              |     6 |     9 ||    15
Dodge: Dodged            |    37 |    39 ||    76
Block: Buckler           |    16 |    18 ||    34

Table legend: (Time is in decaauts)
 A = Elapsed time spent in this place.
 B = Non-inter-level travel time spent in this place.
 C = Inter-level travel time spent in this place.
 D = Time resting spent in this place.
 E = Time spent auto-exploring this place.
 F = Levels seen in this place.
 G = Mean time per level.
                   A        B        C        D        E       F      G
               +--------+--------+--------+--------+--------+-----+--------+
         Total |   4087 |   3930 |    157 |    285 |   3048 |   4 | 1021.8 |
       Dungeon |   4087 |   3930 |    157 |    285 |   3048 |   4 | 1021.8 |
               +--------+--------+--------+--------+--------+-----+--------+

Top non-repeatable levels by time:
     D:1: 1143 daAuts
     D:4: 1084 daAuts
     D:2: 1021 daAuts
     D:3: 837 daAuts
